 Dungeon Crawl Stone Soup version 0.17-a0-2231-gd80ca38 (webtiles) character file.

63 Raultor the Gusty (level 4, -4/21 HPs)
             Began as a Vine Stalker Air Elementalist on Oct 29, 2015.
             Slain by Terence
             ... wielding a +0 flail
              (7 damage)
             ... on level 3 of the Dungeon.
             The game lasted 00:12:24 (1586 turns).

Raultor the Gusty (Vine Stalker Air Elementalist)   Turns: 1586, Time: 00:12:25

Health: -4/21      AC:  2    Str: 10    XL:     4   Next: 10%
Magic:  0/9        EV: 12    Int: 16    God:
Gold:   153        SH:  0    Dex: 15    Spells: 3 memorised, 3 levels left

rFire  . . .     SeeInvis .     d - +0 dagger (curse)
rCold  . . .     Clarity  .     a - +0 robe
rNeg   . . .     SustAt   .     (no shield)
rPois  .         Gourm    .     (no helmet)
rElec  .         Spirit   +     (no cloak)
rCorr  .         Warding  .     (no gloves)
rMut   .         Stasis   .     (no boots)
MR     .....                    (no amulet)
Stlth  ++........               (no ring)
                                (no ring)

@: not resistant to hostile enchantments, unstealthy
A: fangs 2, regeneration 1, magic shield, antimagic bite, no device heal 3, rot
immunity
a: no special abilities


You were on level 3 of the Dungeon.
You were hungry.

You visited 1 branch of the dungeon, and saw 3 of its levels.

You collected 153 gold pieces.

Inventory:

Hand Weapons
 d - a cursed +0 dagger (weapon)
 r - a cursed +0 mace
Armour
 a - a +0 robe (worn)
Jewellery
 q - an uncursed amulet of regeneration {unknown}
Wands
 m - a wand of digging (12)
Scrolls
 e - a scroll of magic mapping {unknown}
 h - 3 scrolls of identify {unknown}
 j - a scroll of enchant armour {unknown}
 n - a scroll of immolation {unknown}
 p - a scroll of remove curse {unknown}
Potions
 f - a potion of flight {unknown}
 g - a potion of lignification {unknown}
 i - a potion of agility {unknown}
 k - a potion of mutation {unknown}
 l - a potion of cancellation {unknown}
 o - a potion of heal wounds {unknown}
Books
 b - a book of Air

   Spells                             Type                      Level
   a - Shock                          Conjuration/Air              1
   b - Swiftness                      Charms/Air                   2
   c - Repel Missiles                 Charms/Air                   2
   d - Static Discharge               Conjuration/Air              3
   e - Lightning Bolt                 Conjuration/Air              5
Comestibles
 c - a bread ration


   Skills:
 - Level 1.5 Dodging
 - Level 2.4 Stealth
 * Level 3.0 Spellcasting
 + Level 1.8 Conjurations
 * Level 4.0 Air Magic


You had 3 spell levels left.
You knew the following spells:

 Your Spells              Type           Power        Failure   Level  Hunger
a - Shock                 Conj/Air       ##..         8%          1    #......
b - Swiftness             Chrm/Air       #.......     14%         2    ##.....
c - Static Discharge      Conj/Air       ##......     17%         3    ###....


Dungeon Overview and Level Annotations

Branches:
Dungeon (3/15)

Altars:
Okawaru
Trog

Annotations:
D:3 Terence


Innate Abilities, Weirdness & Mutations

You have extremely sharp teeth.
Your natural rate of healing is unusually fast.
When hurt, damage is shared between your health and your magic reserves.
Your bite disrupts and absorbs the magic of your enemies.
Potions and wands cannot restore your health.
You are immune to rotting.


Message History

You hit the worm but do no damage. You bite the worm. You drain its power.
You feel invigorated.
You kill the worm!
Your Spellcasting skill increases to level 3!
Terence hits you with a flail.
* * * LOW HITPOINT WARNING * * *
Terence closely misses you.
Your magical contamination has completely faded away.
You see here 22 bolts.
Terence hits you with a flail.
* * * LOW HITPOINT WARNING * * *
You start to feel a little faster.
Things that are here:
a blowgun; 13 poisoned needles; a kobold corpse Terence says, "You're history."
Terence hits you with a flail.
* * * LOW HITPOINT WARNING * * *
You no longer feel sluggish.
Terence hits you with a flail!
You die...

##### ##...#####
#........## #.#..†.....
#.####..... ###### #.#
####.. #<...#### #.# ##.
###.....## #.# #.
##...#.@.## #.# ##
##...###@..####.# #
########..............(#
#
..........#.)..)#.....##
.........##.._..##..#.#
###..##...#.).)(#...#.#
#... #..............#..
#.# ####...###.....##.#
# #....#...##.# ..


You could see Terence.

Vanquished Creatures
  An adder (D:2)
  An ooze (D:3)
  A worm (D:3)
  3 ball pythons
  3 bats
  3 giant cockroaches (D:1)
  8 goblins
  5 hobgoblins
  4 jackals
  4 kobolds
  3 giant newts
  8 rats
44 creatures vanquished.

Notes
Turn   | Place    | Note
--------------------------------------------------------------
     0 | D:1      | Raultor the Vine Stalker Air Elementalist began the quest for the Orb.
     0 | D:1      | Reached XP level 1. HP: 9/9 MP: 4/4
   104 | D:1      | Reached XP level 2. HP: 13/13 MP: 6/6
   568 | D:1      | Reached XP level 3. HP: 16/16 MP: 2/7
  1234 | D:2      | Noticed a moth of wrath
  1238 | D:2      | Found a bloodstained altar of Trog.
  1260 | D:2      | Reached skill level 4 in Air Magic
  1422 | D:2      | Learned a level 2 spell: Swiftness
  1426 | D:2      | Learned a level 3 spell: Static Discharge
  1487 | D:3      | Reached XP level 4. HP: 17/21 MP: 6/9
  1532 | D:3      | Found an iron altar of Okawaru.
  1566 | D:3      | Noticed Terence
  1586 | D:3      | Slain by Terence

Vault maps used:
D:1:      wheals_arrival_shading
D:2:      tgw_trog
D:3:      okawaru_ov_weapons_minmay, fedhas_altar_fruit_tree, serial_curves,
          eino_curves_04, eino_curves_04, eino_curves_02, eino_curves_04,
          uniq_terence

Action                   |  1- 3 |  4- 6 || total
-------------------------+-------+-------++-------
Melee: Dagger            |    85 |     8 ||    93
 Cast: Shock             |    33 |     9 ||    42
       Static Discharge  |     1 |       ||     1
       Swiftness         |       |     1 ||     1
 Stab: Sleeping          |     3 |       ||     3
  Eat: Chunk             |     2 |       ||     2
